 Dungeon Crawl Stone Soup version 0.27-a0-652-g2d5cf1dcd3 (webtiles) character file.

Game seed: 4876155465568170352

19388 Ijustatesigmund the Cleaver (level 12, -23/89 (93) HPs)
             Began as a Demonspawn Fighter on Mar 16, 2021.
             Was a Priest of Cheibriados.
             Killed from afar by an eidolon (25 damage)
             ... with a bolt of negative energy
             ... on level 2 of the Abyss.
             The game lasted 00:37:46 (16110 turns).

Ijustatesigmund the Cleaver (Demonspawn Fighter)   Turns: 16110, Time: 00:37:47

HP:   -23/89 (93)   AC: 10    Str: 24    XL:     12   Next: 36%
MP:   14/17         EV: 14    Int: 17    God:    Cheibriados [***...]
Gold: 711           SH: 13    Dex: 24    Spells: 11/11 levels left

rFire    + . .     SeeInvis .   a - +3 war axe
rCold    . . .     Faith    .   c - +1 kite shield
rNeg     . . .     Spirit   .   b - +0 chain mail
rPois    .         Reflect  .   (helmet restricted)
rElec    .         Harm     .   (no cloak)
rCorr    .         Rampage  .   o - +1 pair of gloves
Will     .....     Clarity  +   (no boots)
Stlth    ..........             y - amulet of the acrobat
HPRegen  0.00/turn              h - ring of protection from fire
MPRegen  0.15/turn              z - +4 ring of evasion

@: lightly drained, very slow
A: hooves 2, rugged brown scales 2, foul stench 1, powered by pain 2, horns 1,
clarity, deformed body, frail 1, evolution 1, MP-powered wands, [blurry vision
2], [screaming 2], [inhibited regeneration]
a: Renounce Religion, Bend Time, Temporal Distortion


You were on level 2 of the Abyss.
You worshipped Cheibriados.
Cheibriados was most pleased with you.
You visited 2 branches of the dungeon, and saw 14 of its levels.
You visited the Abyss 1 time.

You collected 711 gold pieces.

Inventory:

Hand Weapons
 a - a +3 war axe (weapon)
 l - a +0 broad axe
 u - the +5 whip of Calamity {vorpal, rPois rN+ Dex-2}
   (You found it on level 4 of the Dungeon)

   It inflicts extra damage upon your enemies.
   It affects your dexterity (-2).
   It protects you from poison.
   It protects you from negative energy.
Missiles
 s - a throwing net (quivered)
Armour
 b - a +0 chain mail (worn)
 c - a +1 kite shield (worn)
 o - a +1 pair of gloves (worn)
 w - a +1 helmet
Jewellery
 g - a ring of willpower
 h - a ring of protection from fire (right hand)
 m - a ring of resist corrosion
 y - an amulet of the acrobat (around neck)
 z - a +4 ring of evasion (left hand)
 A - a ring of ice
 K - a ring of protection from fire
 L - a ring of positive energy
Wands
 I - a wand of paralysis (5)
 M - a wand of digging (3)
Scrolls
 e - 2 scrolls of random uselessness
 n - 2 scrolls of fog
 p - a scroll of blinking
 v - a scroll of magic mapping
 x - 3 scrolls of fear
 C - 8 scrolls of identify
 D - 3 scrolls of immolation
 H - a scroll of amnesia
Potions
 d - a potion of might
 f - 2 potions of brilliance
 i - 2 potions of magic
 j - 2 potions of resistance
 k - a potion of attraction
 r - 3 potions of flight
 t - 3 potions of ambrosia
 E - 4 potions of lignification
 F - 2 potions of mutation


   Skills:
 - Level 10.4 Fighting
 - Level 11.0 Axes
 + Level 6.5 Armour
 - Level 5.9 Dodging
 - Level 6.2 Shields
 + Level 7.8 Invocations
 + Level 5.4 Evocations


You had 11 spell levels left.
You didn't know any spells.
Your spell library contained the following spells:

 Spells                   Type           Power      Damage    Failure   Level
 Cause Fear               Hex            0%         N/A       100%        4
 Silence                  Hex/Air        0%         N/A       100%        5
 Yara's Violent Unravell  Hex/Tmut       0%         3d3       100%        5
 Discord                  Hex            0%         N/A       100%        8


Dungeon Overview and Level Annotations

Branches:
Dungeon (15/15)            Temple (1/1) D:4            Lair (0/6) D:10
    Orc: D:9-12      Vaults: D:13-14     Depths: D:15

Altars:
Ashenzari
Cheibriados
Dithmenos
Elyvilon
Fedhas
Gozag
Hepliaklqana
Kikubaaqudgha
Makhleb
Nemelex Xobeh
Okawaru
Qazlal
Ru
Sif Muna
Trog
Uskayaw
Vehumet
Wu Jian
Xom
Yredelemnul
Zin
The Shining One


Innate Abilities, Weirdness & Mutations

You have hoof-like feet.
You are mostly covered in rugged brown scales. (AC +2, +5% HP)
You may rarely emit foul miasma when damaged in melee.
You sometimes gain power by taking damage.
You have a pair of small horns on your head.
You possess an exceptional clarity of mind.
Armour fits poorly on your strangely shaped body.
You are frail. (-10% HP)
You evolve.
You expend magic power (3 MP) to strengthen your wands.
[Scrolls take you longer to read.]
[You sometimes yell uncontrollably at your foes.]
[You do not regenerate when monsters are visible.]


Message History

You kick the large abomination, but do no damage.
The large abomination is moderately damaged.
The large abomination hits you!!
* * * LOW HITPOINT WARNING * * *
You hit the large abomination but do no damage.
You kick the large abomination, but do no damage.
You headbutt the large abomination, but do no damage.
The large abomination is moderately damaged.
You block the large abomination's attack.
You hit the large abomination. You kick the large abomination.
The large abomination is moderately damaged.
The large abomination hits you!
* * * LOW HITPOINT WARNING * * *
You block the large abomination's attack.
Unknown command.
The flow of time bends around you.
Cheibriados rebukes the large abomination.
The large abomination seems to slow down.
The eidolon gives a chilling moan.
You hit the large abomination. You kick the large abomination.
You headbutt the large abomination, but do no damage.
The large abomination is heavily damaged.
You block the large abomination's attack.
The eidolon gestures.
The eidolon radiates an aura of fear!
You are unaffected.
Okay, then.
You hit the large abomination.
You kick the large abomination, but do no damage.
Your headbutt misses the large abomination.
The large abomination is severely damaged.
The large abomination hits you.
* * * LOW HITPOINT WARNING * * *
You slash the large abomination!
You kick the large abomination, but do no damage.
The large abomination is almost destroyed.
You hit the eidolon but do no damage.
You block the large abomination's attack.
The eidolon stares piercingly at you. The bolt of negative energy hits you!!
You feel drained.
You die...

. .# . # ...
. . ..##... #
.. . #
#.....# . . .
. #.#.... ##
#. #
.#.....### #
.# #........#
# #.......###
# #.......X@#
.#...##..#W#
....#....#.#.
. . #
#....##. ..
#.##.# #. ..#
.## #. ... #
#. .. ##


You could see an eidolon and a large abomination (slow).

Vanquished Creatures
  A boulder beetle (D:11)
  3 hydras
  A two-headed ogre (D:9)
  A wretched star (Abyss:2)
  A deep elf pyromancer (D:15)
  5 ugly things
  A cyclops (D:15)
  An elephant (D:10)
  A queen bee (D:11)
  A troll (D:11)
  A hornet (D:9)
  3 slime creatures (D:11)
  A shadow (D:11)
  A wyvern (D:10)
  20 yaks
  A neqoxec (Abyss:2)
  A large abomination (Abyss:2)
  Edmund (D:6)
  Duvessa (D:7)
  A water moccasin (D:7)
  6 orc warriors
  4 sky beasts
  A black bear (D:9)
  5 ice beasts
  5 ogres
  3 necrophages
  11 centaurs
  5 phantoms
  6 bullfrogs
  Dowan (D:7)
  7 scorpions
  A small abomination (Abyss:2)
  24 killer bees
  A howler monkey (D:5)
  8 wights
  An electric eel (D:8)
  2 bullfrog zombies
  2 centaur zombies
  3 hounds
  3 centaur skeletons
  3 orc priests
  3 jellies
  A bullfrog skeleton (D:5)
  Natasha (thrice) (D:2)
  3 iguanas
  5 orc wizards
  11 worker ants
  A hound zombie (D:11)
  13 adders
  4 gnolls (D:5)
  A shadow imp (D:10)
  A white imp (D:10)
  An ooze (D:3)
  5 worms
  4 dart slugs
  4 leopard geckos
  28 orcs
  5 bats
  2 giant cockroaches
  12 goblins
  7 hobgoblins
  8 jackals
  2 quokkas
  2 frilled lizards (D:4)
  A jackal skeleton (D:4)
  5 kobolds
  A quokka skeleton (D:3)
  9 rats
  A spectral orc (D:6)
292 creatures vanquished.

Vanquished Creatures (collateral kills)
  A centaur zombie (D:15)
  A basilisk (D:10)
  A yak (D:11)
  An orc warrior (D:15)
  A black bear (D:10)
  3 orc wizards (D:15)
  An orc (D:15)
9 creatures vanquished.

Vanquished Creatures (others)
  An unseen horror (D:15)
  A killer bee (D:11)
  An electric eel (D:15)
  A fungus (D:10)
  9 plants (D:15)
13 creatures vanquished.

Grand Total: 314 creatures vanquished

Notes
Turn   | Place    | Note
-------+----------+-------------------------------------------
     0 | D:1      | Ijustatesigmund the Demonspawn Fighter began the quest for
                  | the Orb.
     0 | D:1      | Reached XP level 1. HP: 18/18 MP: 1/1
     0 | D:1      | Noticed a large abomination
     0 | D:1      | Noticed an ice dragon
     1 | D:1      | Noticed a large abomination
     3 | D:1      | Noticed an orb of fire
     3 | D:1      | Noticed an orb of fire
     5 | D:1      | Noticed a tentacled monstrosity
     7 | D:1      | Noticed a tentacled monstrosity
     8 | D:1      | Noticed an orb of fire
     9 | D:1      | Noticed a shadow dragon
    11 | D:1      | Noticed an ice dragon
    11 | D:1      | Noticed a shadow dragon
    13 | D:1      | Noticed a green draconian
    13 | D:1      | Noticed an ice dragon
    15 | D:1      | Noticed an orb of fire
    17 | D:1      | Noticed an iron dragon
    17 | D:1      | Noticed a large abomination
    19 | D:1      | Noticed an iron dragon
   188 | D:1      | Reached skill level 2 in Axes
   561 | D:1      | Gained mutation: You are partially covered in rugged brown
                  | scales. (AC +1, +3% HP) [demonic ancestry]
   561 | D:1      | Reached XP level 2. HP: 13/24 MP: 2/2
  1021 | D:2      | Noticed Natasha
  1027 | D:2      | Killed Natasha
  1028 | D:2      | Reached skill level 1 in Dodging
  1028 | D:2      | Reached XP level 3. HP: 25/29 MP: 3/3
  1384 | D:2      | Reached skill level 3 in Axes
  1597 | D:2      | Gained mutation: You are weak. (Str -2) [potion of
                  | mutation]
  1597 | D:2      | Gained mutation: You evolve. [potion of mutation]
  1647 | D:2      | Noticed Natasha
  1881 | D:2      | Gained mutation: You have large cloven feet. [demonic
                  | ancestry]
  1881 | D:2      | Reached XP level 4. HP: 31/36 MP: 4/4
  2144 | D:2      | Killed Natasha
  2483 | D:2      | Noticed Natasha
  2489 | D:2      | Killed Natasha
  2532 | D:3      | Gained mutation: You may rarely emit foul miasma when
                  | damaged in melee. [demonic ancestry]
  2532 | D:3      | Reached XP level 5. HP: 24/43 MP: 5/5
  3071 | D:3      | Found an iron altar of Okawaru.
  3159 | D:3      | Reached skill level 4 in Axes
  3159 | D:3      | Found a shimmering altar of Xom.
  3160 | D:3      | Found a hazy altar of Hepliaklqana.
  3161 | D:3      | Noticed a spectral ugly thing
  3740 | D:4      | Gained mutation: You sometimes gain a little power by
                  | taking damage. [demonic ancestry]
  3740 | D:4      | Reached XP level 6. HP: 49/49 MP: 6/6
  3797 | D:4      | Gained mutation: You expend magic power (3 MP) to
                  | strengthen your wands. [evolution]
  4074 | D:4      | Found a staircase to the Ecumenical Temple.
  4084 | Temple   | Entered the Ecumenical Temple
  4163 | D:4      | Identified the +5 whip of Calamity {vorpal, rPois rN+
                  | Dex-2}
  4361 | D:4      | You fall into a shaft and drop 3 floors!
  4378 | D:7      | Noticed a sky beast
  4389 | D:7      | Killed a sky beast
  4505 | D:7      | Reached skill level 5 in Axes
  4519 | D:5      | Entered Level 5 of the Dungeon
  4519 | D:5      | Noticed a sky beast
  4529 | D:5      | Killed a sky beast
  4530 | D:5      | Reached XP level 7. HP: 41/56 MP: 7/7
  4765 | D:5      | Gained mutation: You have hoof-like feet. [evolution]
  4805 | D:5      | Reached skill level 5 in Fighting
  4940 | D:5      | Reached skill level 6 in Axes
  5225 | D:4      | Identified the +1 robe of Wuqusaopt {Rampage rF+++ rC+
                  | Slay+3}
  5253 | D:4      | Reached XP level 8. HP: 61/64 MP: 8/8
  6222 | D:6      | Reached skill level 7 in Axes
  6306 | D:6      | Found a shimmering blue altar of Sif Muna.
  6404 | D:6      | Noticed Edmund
  6416 | D:6      | Killed Edmund
  6417 | D:6      | Reached skill level 5 in Armour
  6517 | D:6      | Found a basalt altar of Yredelemnul.
  7281 | D:7      | Found a sacrificial altar of Ru.
  7560 | D:7      | Reached XP level 9. HP: 33/73 MP: 7/9
  7838 | D:7      | Noticed Duvessa
  7839 | D:7      | Identified the +1 leather armour of Resourcefulness {rC+
                  | Dex+3}
  7839 | D:7      | Noticed Dowan
  7843 | D:7      | Killed Duvessa
  7844 | D:7      | Reached skill level 8 in Axes
  7845 | D:7      | Killed Dowan
  8171 | D:7      | Found a blossoming altar of Fedhas.
  8324 | D:7      | Lost mutation: You are weak. (Str -2) [evolution]
  8414 | D:7      | Found a sparkling altar of Nemelex Xobeh.
  8591 | D:7      | Reached skill level 1 in Evocations
  9493 | D:8      | Found a stormy altar of Qazlal.
  9571 | D:8      | Reached skill level 9 in Axes
  9839 | D:9      | Noticed a two-headed ogre
  9847 | D:9      | Killed a two-headed ogre
  9848 | D:9      | Gained mutation: You are mostly covered in rugged brown
                  | scales. (AC +2, +5% HP) [demonic ancestry]
  9848 | D:9      | Reached XP level 10. HP: 76/84 MP: 6/10
 11106 | D:10     | Entered Level 10 of the Dungeon
 11450 | D:10     | Noticed an elephant
 11479 | D:10     | Killed an elephant
 11481 | D:10     | Found a staircase to the Lair.
 11936 | D:10     | Reached skill level 10 in Axes
 12233 | Temple   | Became a worshipper of Cheibriados the Contemplative
 12343 | D:9      | Gained mutation: You possess an exceptional clarity of
                  | mind. [evolution]
 12468 | D:11     | Reached skill level 1 in Invocations
 12475 | D:11     | Noticed a red ugly thing
 12781 | D:11     | Reached * piety under Cheibriados
 12824 | D:11     | Killed a red ugly thing
 12825 | D:11     | Mutation became permanent: You have large cloven feet.
                  | [demonic ancestry]
 12825 | D:11     | Gained mutation: You have hoof-like feet. [demonic
                  | ancestry]
 12825 | D:11     | Reached XP level 11. HP: 67/93 MP: 12/12
 12826 | D:11     | Paralysed by an orc wizard for 4 turns
 12968 | D:11     | Paralysed by an orc wizard for 6 turns
 13682 | D:11     | Reached ** piety under Cheibriados
 13909 | D:11     | Noticed a seven-headed hydra
 13915 | D:11     | Killed a seven-headed hydra
 13916 | D:11     | Reached skill level 5 in Shields
 14068 | D:11     | Noticed a boulder beetle
 14084 | D:11     | Killed a boulder beetle
 14147 | D:11     | Reached skill level 5 in Dodging
 14155 | D:11     | Reached skill level 5 in Invocations
 14157 | D:11     | Reached skill level 10 in Fighting
 14409 | D:12     | Noticed a red ugly thing
 14517 | D:12     | Noticed a seven-headed hydra
 14524 | D:11     | Killed a red ugly thing
 14541 | D:12     | Found a basalt altar of Yredelemnul.
 14541 | D:12     | Noticed an eight-headed hydra
 14619 | D:12     | Killed an eight-headed hydra
 14873 | D:12     | You fall into a shaft and drop 3 floors!
 14873 | D:15     | Entered Level 15 of the Dungeon
 14873 | D:15     | Noticed a brown ugly thing
 14873 | D:15     | Noticed a brown ugly thing
 14873 | D:15     | Noticed a brown ugly thing
 14873 | D:15     | Noticed a brown ugly thing
 14873 | D:15     | Noticed a brown ugly thing
 14876 | D:15     | Noticed a five-headed hydra
 14877 | D:15     | Noticed a white ugly thing
 14877 | D:15     | Noticed a white ugly thing
 14877 | D:15     | Noticed a white ugly thing
 14892 | D:15     | Killed a brown ugly thing
 14899 | D:15     | Killed a white ugly thing
 14900 | D:15     | Gained mutation: You sometimes gain power by taking damage.
                  | [demonic ancestry]
 14900 | D:15     | Reached XP level 12. HP: 86/102 MP: 6/16
 14906 | D:15     | Reached *** piety under Cheibriados
 15076 | D:15     | Noticed an eight-headed hydra
 15095 | D:15     | Killed an eight-headed hydra
 15096 | D:15     | Reached skill level 11 in Axes
 15487 | D:15     | Gained mutation: You have a pair of small horns on your
                  | head. [evolution]
 15555 | D:15     | Noticed an ogre mage
 15556 | D:15     | Noticed a two-headed ogre
 15569 | D:15     | Paralysed by something for 5 turns
 15836 | D:15     | Reached skill level 5 in Evocations
 15847 | D:15     | Cast into level 2 of the Abyss (a wizard)
 15916 | Abyss:2  | Gained mutation: Armour fits poorly on your strangely
                  | shaped body. [a neqoxec]
 15917 | Abyss:2  | Gained mutation: You are frail. (-10% HP) [a neqoxec]
 16033 | Abyss:2  | HP: 4/93 [rock wall collision (1)]
 16106 | Abyss:2  | HP: 4/93 [large abomination (8)]
 16107 | Abyss:2  | Noticed an eidolon
 16110 | Abyss:2  | Killed from afar by an eidolon

Illustrated notes

Levels and vault maps discovered:
D:1:      shiori_arrival_whats_in_store_for_you, layout_loops_corners,
          grunt_decor_cap, kennysheep_another_room
D:2:      layout_rooms, st_stairs_3, uniq_natasha
D:3:      layout_rooms, okawaru_metal_pillars_1_2,
          regret_index_temple_of_mockery
D:4:      layout_basic, temple_fountains
D:5:      layout_gridville
D:6:      layout_loops_corners, nicolae_sif_muna_condensation,
          yredelemnul_forgotten_temple_becter, uniq_edmund
D:7:      layout_loops_cross, old_standard_altar,
          nicolae_ru_sacrificial_ziggurat, nemelex_xobeh_ov_fountains_minmay,
          fedhas_altar_fruit_tree, uniq_duvessa
D:8:      layout_basic, kennysheep_mini, kennysheep_pointless_box,
          minmay_chambers_of_fives
D:9:      layout_basic
D:10:     layout_loops_ring, david_lair_generic, grunt_ministairs_10
D:11:     layout_rooms, special_room [special_room_bee]
D:12:     layout_roguey, orc_0_dummy, special_room [special_room_orc],
          yredelemnul_altar_generic
D:15:     hangedman_depths_entry_try_elsewhere_first, layout_cave_pods,
          chequers_big_river, minmay_misc_feat_five, minmay_misc_feat_enclosed
Temple:   cyrus_circular_temple
Abyss:2:  base: D:15, hangedman_decor_peaks_small

Skill      XL: |  1  2  3  4  5  6  7  8  9 10 11 12 |
---------------+-------------------------------------+-----
Axes           | 2 3 4 5 6 7 9 10 11 | 11.0
Dodging        | 1 2 3 5 |  5.9
Fighting       | 4 5 6 8 9 10 | 10.4
Armour         | 3 4 5 6 |  6.5
Evocations     | 3 4 5 |  5.4
Shields        | 4 5 6 |  6.2
Invocations    | 2 6 7 |  7.8

Action                   |  1- 3 |  4- 6 |  7- 9 | 10-12 || total
-------------------------+-------+-------+-------+-------++-------
Melee: War axe           |    79 |   171 |   255 |   481 ||   986
       Kick              |       |    42 |    74 |   210 ||   326
       Whip              |       |       |       |    11 ||    11
       Headbutt          |       |       |       |    26 ||    26
Invok: Bend Time         |       |       |       |     2 ||     2
Evoke: Wand              |       |     2 |    16 |    24 ||    42
  Use: Scroll            |     8 |    10 |     5 |    11 ||    34
       Potion            |     2 |       |     2 |     6 ||    10
 Stab: Paralysed         |       |       |     4 |    22 ||    26
       Distracted        |       |       |     1 |       ||     1
Armor: Scale mail        |    34 |    74 |    39 |       ||   147
       Chain mail        |       |       |    69 |   238 ||   307
Dodge: Dodged            |    20 |    65 |   103 |   291 ||   479
Block: Kite shield       |    35 |    85 |   118 |   361 ||   599

Table legend: (Time is in decaauts)
 A = Elapsed time spent in this place.
 B = Non-inter-level travel time spent in this place.
 C = Inter-level travel time spent in this place.
 D = Time resting spent in this place.
 E = Time spent auto-exploring this place.
 F = Levels seen in this place.
 G = Mean time per level.
                   A        B        C        D        E       F      G
               +--------+--------+--------+--------+--------+-----+--------+
         Total |  16893 |  16230 |    663 |   4857 |   8687 |  15 | 1126.2 |
       Dungeon |  16527 |  15889 |    638 |   4733 |   8548 |  13 | 1271.3 |
        Temple |     84 |     59 |     25 |      0 |     55 |   1 |   84.0 |
         Abyss |    282 |    282 |      0 |    124 |     84 |   1 |  282.0 |
               +--------+--------+--------+--------+--------+-----+--------+

Top non-repeatable levels by time:
    D:11: 1951 daAuts
     D:7: 1681 daAuts
    D:10: 1569 daAuts
     D:6: 1454 daAuts
     D:2: 1452 daAuts
     D:9: 1358 daAuts
     D:5: 1323 daAuts
    D:15: 1142 daAuts
     D:8: 1126 daAuts
     D:1: 1125 daAuts
     D:4: 1068 daAuts
     D:3: 984 daAuts
    D:12: 289 daAuts
 Abyss:2: 282 daAuts
  Temple: 84 daAuts
